 Dungeon Crawl Stone Soup version 0.18.1-50-g88ac8fd (console) character file.

75 Gottschkopf the Magician (level 4, 0/24 HPs)
             Began as a Deep Elf Air Elementalist on Sept 29, 2016.
             Slain by Grinder (4 damage)
             ... on level 3 of the Dungeon.
             The game lasted 00:04:55 (2038 turns).

Gottschkopf the Magician (DEAE)                     Turns: 2038, Time: 00:04:55

Health: 0/24       AC:  3    Str: 10    XL:     4   Next: 11%
Magic:  8/14       EV: 12    Int: 21    God:
Gold:   207        SH:  0    Dex: 15    Spells: 4 memorised, 7 levels left

rFire  . . .     SeeInvis .     i - +0 dagger
rCold  . . .     Gourm    .     a - +0 robe
rNeg   . . .     Faith    .     (no shield)
rPois  .         Spirit   .     q - +0 helmet
rElec  .         Dismiss  +     (no cloak)
rCorr  .         Reflect  .     (no gloves)
SustAt .         Harm     .     (no boots)
MR     .....                    n - amulet of dismissal
Stlth  ++........               (no ring)
                                (no ring)

@: mighty, very slightly contaminated, repel missiles, drained, not resistant to
hostile enchantments, unstealthy
A: no striking features
a: no special abilities


You were on level 3 of the Dungeon.
You were not hungry.

You visited 1 branch of the dungeon, and saw 3 of its levels.

You collected 207 gold pieces.

Inventory:

Hand Weapons
 i - a +0 dagger (weapon)
Armour
 a - a +0 robe (worn)
 q - a +0 helmet (worn)
Jewellery
 e - an uncursed amulet of harm
 n - an amulet of dismissal (around neck)
Scrolls
 g - 3 scrolls of identify {unknown}
 l - 5 scrolls of remove curse
 o - a scroll of amnesia {unknown}
 p - 3 scrolls of teleportation {unknown}
 r - 2 scrolls of enchant weapon {unknown}
Potions
 d - 2 potions of might
 f - a potion of cancellation {unknown}
 h - a potion of agility {unknown}
 k - a potion of curing {unknown}
 m - 2 potions of heal wounds {unknown}
Books
 b - a book of Air

   Spells                             Type                      Level
   a - Shock                          Conjuration/Air              1
   b - Swiftness                      Charms/Air                   2
   c - Repel Missiles                 Charms/Air                   2
   d - Static Discharge               Conjuration/Air              3
   e - Lightning Bolt                 Conjuration/Air              5
Comestibles
 c - 3 bread rations
 j - 2 fruits
 s - 4 chunks of flesh


   Skills:
 - Level 2.4(1.4) Dodging
 - Level 2.4(1.4) Stealth
 + Level 6.0(5.0) Spellcasting
 - Level 1.1(0.2) Conjurations
 - Level 3.0(2.0) Air Magic


You had 7 spell levels left.
You knew the following spells:

 Your Spells              Type           Power        Failure   Level  Hunger
a - Shock                 Conj/Air       ##..         10%         1    None
b - Repel Missiles        Chrm/Air       #.....       12%         2    None
c - Swiftness             Chrm/Air       #.......     12%         2    None
d - Static Discharge      Conj/Air       ##......     24%         3    ##.....


Dungeon Overview and Level Annotations

Branches:
Dungeon (3/15)

Altars:
Nemelex Xobeh

Annotations:
D:3 Grinder


Message History

Aim: Grinder (lightly wounded)
You miscast Shock.
You are very lightly contaminated with residual magic.
Nothing appears to happen.
Casting: Shock
Confirm with . or Enter, or press ? or * to list all spells.
You are already protected from missiles.
Casting: Repel Missiles
Confirm with . or Enter, or press ? or * to list all spells.
Grinder is struck by lightning.
Grinder is moderately wounded.
The lightning grounds out.
Grinder hits you.
* * * LOW HITPOINT WARNING * * *
You writhe in agony.
* * * LOW HITPOINT WARNING * * *
Drink which item? (? for menu, Esc to quit)
It was a potion of might.
You feel very mighty all of a sudden. Grinder hits you.
You die...

. #.#.#.#
...#.#.##.###
#.#...#
.............#
#.##...
....#.#.##.#.# #.
... ..
.....##.#.# . #
###.#.##.#.# ..
#. #.#.##.#.#
...#.###.#.##.#.#
..............#.#
........@#.#..#.#
.#.#.#.5##......#
.. #..##.##.###
#. #.r##...... #
#..##..#.###
#..##..#.#
....#..#.. .....
... ...... #.


You could see Grinder and a quokka.

Vanquished Creatures
  2 adders
  An ooze (D:2)
  A worm (D:2)
  2 dart slugs
  A giant gecko (D:1)
  An orc (D:3)
  4 giant cockroaches
  A hobgoblin (D:1)
  5 jackals
  6 kobolds
  A quokka (D:2)
  5 bats
  3 giant newts
  6 goblins
  5 rats
44 creatures vanquished.

Notes
Turn   | Place    | Note
--------------------------------------------------------------
     0 | D:1      | Gottschkopf the Deep Elf Air Elementalist began the quest for the Orb.
     0 | D:1      | Reached XP level 1. HP: 10/10 MP: 6/6
   330 | D:1      | Reached XP level 2. HP: 11/15 MP: 6/8
   375 | D:1      | Reached skill level 4 in Spellcasting
   503 | D:1      | Learned a level 2 spell: Repel Missiles
   506 | D:1      | Learned a level 2 spell: Swiftness
   959 | D:2      | Reached skill level 5 in Spellcasting
   959 | D:2      | Reached XP level 3. HP: 12/19 MP: 4/11
  1034 | D:2      | Learned a level 3 spell: Static Discharge
  1244 | D:2      | Found a sparkling altar of Nemelex Xobeh.
  1739 | D:3      | Reached XP level 4. HP: 24/24 MP: 2/13
  1849 | D:3      | Reached skill level 6 in Spellcasting
  2031 | D:3      | Noticed Grinder
  2038 | D:3      | Slain by Grinder

Skill      XL: |  1  2  3  4 |
---------------+-------------+-----
Spellcasting   | 5 6 |  6.0
Dodging        | |  2.4
Stealth        | |  2.4
Conjurations   | |  1.1
Air Magic      | |  3.0

Action                   |  1- 3 |  4- 6 || total
-------------------------+-------+-------++-------
Melee: Dagger            |     2 |       ||     2
 Cast: Shock             |    83 |    12 ||    95
       Repel Missiles    |     1 |       ||     1
       Static Discharge  |       |     3 ||     3
  Use: Scroll            |       |     1 ||     1
       Potion            |       |     1 ||     1
  Eat: Chunk             |     2 |     1 ||     3
Armor: Robe              |     1 |     5 ||     6
Dodge: Dodged            |     5 |     9 ||    14
